 Dungeon Crawl Stone Soup version 0.28-a0-938-gbc3f381 (webtiles) character file.

Game seed: 14688724641337796181

1807 Remcycle the Cleaver (level 9, 0/64 HPs)
             Began as a Formicid Fighter on Nov 28, 2021.
             Was an Initiate of Okawaru.
             Slain by Gridlocked's ghost (5 damage)
             ... on level 6 of the Dungeon.
             The game lasted 00:18:35 (8627 turns).

Remcycle the Cleaver (Formicid Fighter)             Turns: 8627, Time: 00:18:36

Health: 0/64       AC: 14    Str: 22 (24) XL:     9   Next: 31%
Magic:  9/9        EV:  6    Int:  7 (8)  God:    Okawaru [......]
Gold:   351        SH:  4    Dex:  7 (10) Spells: 8/8 levels left

rFire   . . .      SeeInvis +   g - +0 hand axe (freeze)
rCold   . . .      Faith    .   c - +0 buckler
rNeg    + . .      Spirit   .   e - +0 plate armour
rPois   .          Reflect  .   (helmet unavailable)
rElec   .          Harm     .   q - +2 cloak {Stlth+}
rCorr   .          Rampage  .   (no gloves)
Will    .....                   (no boots)
Stlth   ..........              (no amulet)
HPRegen 0.20/turn               n - ring of positive energy
MPRegen 0.11/turn               (no ring)

@: no status effects
A: permanent stasis, dig shafts and tunnels, antennae 3, four strong arms
a: Dig, Shaft Self, Renounce Religion


You were on level 6 of the Dungeon.
You worshipped Okawaru.
Okawaru was noncommittal.
You visited 2 branches of the dungeon, and saw 7 of its levels.

You collected 351 gold pieces.

Inventory:

Hand Weapons
 a - a +0 war axe
 g - a +0 hand axe of freezing (weapon)
 j - a +2 morningstar of venom
Missiles
 b - 72 poisoned darts
Armour
 c - a +0 buckler (worn)
 e - a +0 plate armour (worn)
 q - a +2 cloak of stealth (worn)
Jewellery
 n - a ring of positive energy (left hand)
Wands
 i - a wand of paralysis (15) (quivered)
 r - a wand of flame (21)
Scrolls
 f - a scroll of vulnerability
 l - 2 scrolls of fear
Potions
 d - 4 potions of cancellation
 k - a potion of curing
 m - 2 potions of lignification
 s - a potion of flight


   Skills:
 - Level 3.2 Fighting
 + Level 11.2 Axes
 - Level 3.2 Armour
 - Level 5.0 Shields


You had 8 spell levels left.
You didn't know any spells.
Your spell library contained the following spells:

 Spells                   Type           Power      Damage    Failure   Level
 Gell's Gravitas          Tloc           0%         N/A       100%        3
 Lesser Beckoning         Tloc           0%         N/A       100%        3
 Teleport Other           Tloc           0%         N/A       100%        3


Dungeon Overview and Level Annotations

Branches:
Dungeon (6/15)             Temple (1/1) D:6

Altars:
Ashenzari
Cheibriados
Dithmenos
Elyvilon
Fedhas
Gozag
Hepliaklqana
Kikubaaqudgha
Makhleb
Nemelex Xobeh
Okawaru
Qazlal
Ru
Sif Muna
Trog
Wu Jian
Xom
Yredelemnul
Zin
The Shining One

Annotations:
D:6 1 runed translucent door, Gridlocked's ghost, novice OgWn


Innate Abilities, Weirdness & Mutations

You cannot be hasted, slowed, berserked, paralysed or teleported.
You can dig through walls and to a lower floor.
You have a pair of large antennae on your head. (SInv)
Your four strong arms can wield two-handed weapons with a shield.


Message History

The bullfrog hits you but does no damage. x2
You barely miss the bullfrog. The bullfrog barely misses you.
You slash the bullfrog!
The bullfrog seems to slow down.
You freeze the bullfrog.
The bullfrog is severely wounded.
You barely miss the bullfrog.
The bullfrog is severely wounded.
The bullfrog hits you but does no damage.
You hit the bullfrog.
The bullfrog seems to slow down.
You freeze the bullfrog.
You kill the bullfrog!
Okawaru accepts your kill.
You miss Gridlocked's ghost. Gridlocked's ghost hits you.
Gridlocked's ghost freezes you.
You closely miss Gridlocked's ghost. You hit Gridlocked's ghost.
Gridlocked's ghost is lightly damaged.
Gridlocked's ghost hits you!!
* * * LOW HITPOINT WARNING * * *
Gridlocked's ghost freezes you.
* * * LOW HITPOINT WARNING * * *
You are too injured to fight recklessly!
You feel better.
Gridlocked's ghost completely misses you.
Aiming: Paralyse
Press: ? - help, Q - select action, (/) - cycle Shift-Dir - straight line, f - Gridlocked's ghost
Aim: Gridlocked's ghost, wielding a weapon of freezing (lightly damaged, chance to affect: 15%) Gridlocked's ghost resists with almost no effort.
Gridlocked's ghost hits you but does no damage.
You completely miss Gridlocked's ghost.
Gridlocked's ghost is lightly damaged.
Gridlocked's ghost hits you!
* * * LOW HITPOINT WARNING * * *
Gridlocked's ghost freezes you.
* * * LOW HITPOINT WARNING * * *
Aiming: Paralyse
Press: ? - help, Q - select action, (/) - cycle Shift-Dir - straight line, f/p - Gridlocked's ghost
Aim: Gridlocked's ghost, wielding a weapon of freezing (lightly damaged, chance to affect: 15%) Gridlocked's ghost resists with almost no effort.
Gridlocked's ghost hits you.
You die...

..#..#..### ##.# #.....###.###
#.#.....# #.# #...........#
...#..#.#### #.# #...........#
.).........# #.# #...........#
.#.#.?.....# #.###...........#
.[.........# #..####.........#
.).........# ##.## #.........#
...........# #..# #.........##
...........# ##@###########..#
......#'#### ##W#r≈≈≈≈≈≈ww#..#
......#.# #.w'w≈≈≈/≈≈≈W+..#
......#.#######..#≈≈≈≈≈≈≈≈≈#.##
......#..........#############
......#####................#
##.)..#####................#
...........................#
......####............##+#.#


You could see 2 worms, Gridlocked's ghost and a quokka.

Vanquished Creatures
  Sigmund (D:2)
  Eustachio (D:6)
  Edmund (D:4)
  Duvessa (D:5)
  A hornet zombie (D:4)
  An ogre (D:6)
  A kobold brigand (D:6)
  2 bullfrogs (D:6)
  A scorpion (D:6)
  A water moccasin skeleton (D:5)
  Dowan (D:5)
  2 centaur zombies
  6 hounds
  An orc priest (D:6)
  Crazy Yiuf (D:5)
  A bullfrog skeleton (D:6)
  2 jellies
  3 iguanas
  4 orc wizards
  A hound skeleton (D:4)
  4 gnolls
  A howler monkey skeleton (D:3)
  7 adders
  2 dart slugs
  9 orcs
  10 endoplasms
  5 giant cockroaches
  6 goblins
  6 hobgoblins
  6 jackals
  A quokka (D:3)
  5 ball pythons
  4 bats
  6 frilled lizards
  10 kobolds
  4 rats
119 creatures vanquished.

Vanquished Creatures (others)
  An orc wizard (D:6)
  A fungus (D:2)
  3 plants (D:2)
5 creatures vanquished.

Grand Total: 124 creatures vanquished

Notes
Turn   | Place    | Note
-------+----------+-------------------------------------------
     0 | D:1      | Remcycle the Formicid Fighter began the quest for the Orb.
     0 | D:1      | Reached XP level 1. HP: 18/18 MP: 1/1
   208 | D:1      | Reached XP level 2. HP: 21/24 MP: 2/2
   555 | D:1      | Reached XP level 3. HP: 29/29 MP: 3/3
  1403 | D:2      | Noticed Sigmund
  1617 | D:3      | Reached skill level 3 in Axes
  1619 | D:3      | Reached XP level 4. HP: 30/35 MP: 4/4
  1737 | D:3      | Reached skill level 5 in Shields
  1737 | D:3      | Reached XP level 5. HP: 34/41 MP: 5/5
  1823 | D:3      | Reached skill level 4 in Axes
  2617 | D:4      | Reached skill level 5 in Axes
  2617 | D:4      | Reached XP level 6. HP: 15/47 MP: 6/6
  3613 | D:5      | Entered Level 5 of the Dungeon
  3625 | D:4      | Reached skill level 6 in Axes
  3636 | D:5      | Reached XP level 7. HP: 25/52 MP: 7/7
  3640 | D:5      | Noticed Edmund
  4200 | D:2      | Found a faded altar of an unknown god.
  4581 | D:2      | Killed Sigmund
  4582 | D:2      | Reached skill level 7 in Axes
  4716 | D:4      | Killed Edmund
  5150 | D:5      | Reached skill level 8 in Axes
  5150 | D:5      | Reached XP level 8. HP: 55/58 MP: 8/8
  5240 | D:5      | Noticed Duvessa
  5269 | D:5      | Killed Duvessa
  5893 | D:5      | Noticed Dowan
  5913 | D:5      | Killed Dowan
  6281 | D:5      | Found a runed translucent door.
  6282 | D:5      | Noticed Crazy Yiuf
  6298 | D:5      | Killed Crazy Yiuf
  6299 | D:5      | Reached skill level 9 in Axes
  6851 | D:6      | Noticed Eustachio
  7107 | D:6      | Killed Eustachio
  7359 | D:6      | Reached skill level 10 in Axes
  7618 | D:6      | Found a staircase to the Ecumenical Temple.
  7645 | D:6      | Reached XP level 9. HP: 48/64 MP: 9/9
  7655 | Temple   | Entered the Ecumenical Temple
  7822 | Temple   | Became a worshipper of Warmaster Okawaru
  8098 | D:6      | Found a runed translucent door.
  8102 | D:6      | Noticed Gridlocked's ghost (novice OgWn)
  8462 | D:6      | Found a runed translucent door.
  8479 | D:6      | Reached skill level 11 in Axes
  8627 | D:6      | Slain by Gridlocked's ghost

Illustrated notes

Levels and vault maps discovered:
D:1:      dpeg_arrival_oval, layout_basic
D:2:      layout_loops_corners, shapermc_ecumenical_altar_mp_urbaneastern,
          wander_ebering_terrifying_dragon_lair, uniq_sigmund
D:3:      layout_rooms
D:4:      layout_cave_pools
D:5:      layout_basic, wad_floor_pattern_untrapped, uniq_crazy_yiuf_cottage,
          uniq_duvessa, uniq_edmund
D:6:      layout_basic, minmay_temple_entry_mini_moons, ebering_ghost_sewer_f,
          uniq_eustachio
Temple:   regret_index_temple_chain_breaker

Skill      XL: |  1  2  3  4  5  6  7  8  9 |
---------------+----------------------------+-----
Shields        | 4 5 |  5.0
Axes           | 3 5 6 8 10 11 | 11.2
Fighting       | |  3.2
Armour         | |  3.2

Action                   |  1- 3 |  4- 6 |  7- 9 || total
-------------------------+-------+-------+-------++-------
Melee: War axe           |    13 |       |       ||    13
       Hand axe          |    59 |   167 |   323 ||   549
Evoke: Wand              |       |       |     2 ||     2
  Use: Scroll            |       |     4 |     6 ||    10
       Potion            |       |       |     9 ||     9
 Stab: Invisible         |       |       |     2 ||     2
Armor: Plate armour      |    48 |    87 |   135 ||   270
       Scale mail        |     1 |       |       ||     1
       Skin              |       |       |     7 ||     7
Dodge: Dodged            |    29 |    48 |    55 ||   132
Block: Buckler           |    13 |    36 |    68 ||   117

Table legend: (Time is in decaauts)
 A = Elapsed time spent in this place.
 B = Non-inter-level travel time spent in this place.
 C = Inter-level travel time spent in this place.
 D = Time resting spent in this place.
 E = Time spent auto-exploring this place.
 F = Levels seen in this place.
 G = Mean time per level.
                   A        B        C        D        E       F      G
               +--------+--------+--------+--------+--------+-----+--------+
         Total |   8618 |   8291 |    327 |   2544 |   4455 |   7 | 1231.1 |
       Dungeon |   8430 |   8122 |    308 |   2544 |   4311 |   6 | 1405.0 |
        Temple |    187 |    168 |     19 |      0 |    144 |   1 |  187.0 |
               +--------+--------+--------+--------+--------+-----+--------+

Top non-repeatable levels by time:
     D:5: 1887 daAuts
     D:6: 1514 daAuts
     D:3: 1467 daAuts
     D:4: 1362 daAuts
     D:2: 1207 daAuts
     D:1: 991 daAuts
  Temple: 187 daAuts
